CAL (WIN)
WILMINGTON BLUE ROCKS @ CLEARWATER THRESHERS
12/09/2048
 
TOP OF THE 1ST
Wilmington Blue Rocks batting - Pitching for Clearwater Threshers : LHP Tim Lawson
Pitching: LHP Tim Lawson
Batting: RHB Shura Mogilny 0-0: Swinging Strike
0-1: Ball
1-1: Ground out 4-3 (Groundball, 4S, EV 88.8 MPH)
Batting: RHB Jon Shonka 0-0: Swinging Strike
0-1: SINGLE (Line Drive, 56, EV 100.0 MPH)
Batting: RHB Jonas Fernandez 0-0: Ball
Jon Shonka is caught stealing 2nd base 2-4
1-0: Called Strike
1-1: Ball
2-1: Called Strike
2-2: Foul Ball, location: 2F
2-2: Foul Ball, location: 2F
2-2: SINGLE (Line Drive, 7S, EV 94.4 MPH)
Batting: LHB Joe Cozart 0-0: Ball
1-0: Fly out, F8 (Flyball, 8RM, EV 90.0 MPH)
Top of the 1st over - 0 runs, 2 hits, 0 errors, 1 left on base; Wilmington 0 - Clearwater 0
BOTTOM OF THE 1ST
Clearwater Threshers batting - Pitching for Wilmington Blue Rocks : LHP Melvin Ontiveros
Pitching: LHP Melvin Ontiveros
Batting: LHB Jonathan Roman 0-0: Foul Ball, location: 2F
0-1: Swinging Strike
0-2: Ball
1-2: Fly out, F9 (Flyball, 9LMF, EV 79.4 MPH)
Batting: SHB Steve DeRienzo 0-0: Ball
1-0: Called Strike
1-1: Fly out, F9 (Flyball, 9, EV 85.0 MPH)
Batting: LHB Ryan Young 0-0: Ball
1-0: Reached on error, E4 (Groundball, 4, EV 106.9 MPH)
Batting: RHB Eddie Serna 0-0: DOUBLE (Flyball, 89D, EV 85.6 MPH)
Ryan Young to third
Batting: LHB Jason Duda 0-0: Called Strike
0-1: Ball
1-1: Foul Ball, location: 2F
1-2: Strikes out swinging
Bottom of the 1st over - 0 runs, 1 hit, 1 error, 2 left on base; Wilmington 0 - Clearwater 0
TOP OF THE 2ND
Wilmington Blue Rocks batting - Pitching for Clearwater Threshers : LHP Tim Lawson
Batting: RHB Bill Cranton 0-0: Ball
1-0: Called Strike
1-1: Called Strike
1-2: Strikes out swinging, 2-3 out at first.
Batting: LHB Vicente Hernandez 0-0: Called Strike
0-1: Ball
1-1: Ball
2-1: Foul Ball, location: 2F
2-2: Foul Ball, location: 2F
2-2: Ground out 4-3 (Groundball, 4, EV 89.4 MPH)
Batting: SHB Alex Cavazos 0-0: DOUBLE (Line Drive, 9LS, EV 93.8 MPH)
Batting: RHB David Rubio 0-0: Ball
Passed Ball!
Alex Cavazos to third
1-0: Ball
2-0: Called Strike
2-1: Foul Ball, location: 2F
2-2: Ball
3-2: Strikes out swinging
Top of the 2nd over - 0 runs, 1 hit, 0 errors, 1 left on base; Wilmington 0 - Clearwater 0
BOTTOM OF THE 2ND
Clearwater Threshers batting - Pitching for Wilmington Blue Rocks : LHP Melvin Ontiveros
Batting: RHB Trent Hedrick 0-0: Called Strike
0-1: Ground out 6-3 (Groundball, 56, EV 81.9 MPH)
Batting: RHB Frank Ramirez 0-0: Ground out 6-3 (Groundball, 6, EV 88.1 MPH)
Batting: LHB Dennis French 0-0: Fly out, F8 (Line Drive, 89M, EV 90.6 MPH)
Bottom of the 2nd over - 0 runs, 0 hits, 0 errors, 0 left on base; Wilmington 0 - Clearwater 0
TOP OF THE 3RD
Wilmington Blue Rocks batting - Pitching for Clearwater Threshers : LHP Tim Lawson
Batting: LHB Jayden Pelayo 0-0: Foul Ball, location: 2F
0-1: Ball
1-1: Swinging Strike
1-2: Ball
2-2: Fly out, F7 (Flyball, 78M, EV 85.6 MPH)
Batting: RHB Shura Mogilny 0-0: Ball
1-0: Ball
2-0: SINGLE (Groundball, 25, EV 67.5 MPH) (infield hit)
Batting: RHB Jon Shonka 0-0: Ball
1-0: Ball
2-0: Reached on error, E1 (Groundball, 34S, EV 72.5 MPH)
Shura Mogilny to second
Batting: RHB Jonas Fernandez 0-0: Called Strike
Shura Mogilny steals 3rd base
Jon Shonka to second
0-1: Ball
1-1: Swinging Strike
1-2: SINGLE (Groundball, 6MS, EV 63.8 MPH) (infield hit)
Shura Mogilny scores
Jon Shonka to third
Batting: LHB Joe Cozart 0-0: Ball
1-0: Ball
Jonas Fernandez is caught stealing 2nd base 2-6
2-0: Foul Ball, location: 2F
2-1: Swinging Strike
Passed Ball!
Jon Shonka scores
2-2: Ball
3-2: Ground out 6-3 (Groundball, 6M, EV 79.4 MPH)
Top of the 3rd over - 2 runs, 2 hits, 1 error, 0 left on base; Wilmington 2 - Clearwater 0
BOTTOM OF THE 3RD
Clearwater Threshers batting - Pitching for Wilmington Blue Rocks : LHP Melvin Ontiveros
Batting: RHB Rafael Soto 0-0: Ball
1-0: Foul Ball, location: 2F
1-1: Ball
2-1: Called Strike
2-2: Strikes out swinging
Batting: LHB Jonathan Roman 0-0: Ball
1-0: Fly out, F9 (Flyball, 9, EV 87.5 MPH)
Batting: SHB Steve DeRienzo 0-0: Ball
1-0: Swinging Strike
1-1: Called Strike
1-2: Ball
2-2: Ball
3-2: Foul Ball, location: 2F
3-2: Foul Ball, location: 2F
3-2: DOUBLE (Line Drive, 8RXD, EV 111.9 MPH)
Batting: LHB Ryan Young 0-0: Called Strike
0-1: Ground out U3 (Groundball, 34, EV 88.1 MPH)
Bottom of the 3rd over - 0 runs, 1 hit, 0 errors, 1 left on base; Wilmington 2 - Clearwater 0
TOP OF THE 4TH
Wilmington Blue Rocks batting - Pitching for Clearwater Threshers : LHP Tim Lawson
Batting: RHB Bill Cranton 0-0: Ball
1-0: Ball
2-0: Foul Ball, location: 2F
2-1: Ground out 5-3 (Groundball, 56S, EV 65.0 MPH)
Batting: LHB Vicente Hernandez 0-0: Ball
1-0: Ball
2-0: Foul Ball, location: 2F
2-1: Called Strike
2-2: Ball
3-2: Foul Ball, location: 2F
3-2: Foul Ball, location: 2F
3-2: Ground out 5-3 (Groundball, 56, EV 86.2 MPH)
Batting: SHB Alex Cavazos 0-0: Called Strike
0-1: Ball
1-1: Ball
2-1: Foul Ball, location: 2F
2-2: Ground out U3 (Groundball, 34S, EV 91.9 MPH)
Top of the 4th over - 0 runs, 0 hits, 0 errors, 0 left on base; Wilmington 2 - Clearwater 0
BOTTOM OF THE 4TH
Clearwater Threshers batting - Pitching for Wilmington Blue Rocks : LHP Melvin Ontiveros
Batting: RHB Eddie Serna 0-0: Ball
1-0: Called Strike
1-1: Ball
2-1: Ground out 6-3 (Groundball, 6MS, EV 93.8 MPH)
Batting: LHB Jason Duda 0-0: Ground out U3 (Groundball, 3L, EV 84.4 MPH)
Batting: RHB Trent Hedrick 0-0: TRIPLE (Flyball, 78XD, EV 105.0 MPH)
Batting: RHB Frank Ramirez 0-0: Ground out 3-1 (Groundball, 34S, EV 88.1 MPH)
Bottom of the 4th over - 0 runs, 1 hit, 0 errors, 1 left on base; Wilmington 2 - Clearwater 0
TOP OF THE 5TH
Wilmington Blue Rocks batting - Pitching for Clearwater Threshers : LHP Tim Lawson
Batting: RHB David Rubio 0-0: Ball
1-0: Foul Ball, location: 2F
1-1: Foul Ball, location: 2F
1-2: Strikes out looking
Batting: LHB Jayden Pelayo 0-0: Ball
1-0: Ball
2-0: Called Strike
2-1: Foul Ball, location: 2F
2-2: Ball
3-2: Ground out 3-1 (Groundball, 34S, EV 88.8 MPH)
Batting: RHB Shura Mogilny 0-0: Ball
1-0: Swinging Strike
1-1: Ball
2-1: Ground out 5-3 (Groundball, 56, EV 103.1 MPH)
Top of the 5th over - 0 runs, 0 hits, 0 errors, 0 left on base; Wilmington 2 - Clearwater 0
BOTTOM OF THE 5TH
Clearwater Threshers batting - Pitching for Wilmington Blue Rocks : LHP Melvin Ontiveros
Batting: LHB Dennis French 0-0: Swinging Strike
0-1: Ball
1-1: Foul Ball, location: 2F
1-2: Strikes out looking
Batting: RHB Rafael Soto 0-0: Ball
1-0: Ground out 6-3 (Groundball, 6, EV 81.9 MPH)
Batting: LHB Jonathan Roman 0-0: Called Strike
0-1: Ball
1-1: Ball
2-1: Ball
3-1: Foul Ball, location: 2F
3-2: Foul Ball, location: 2F
3-2: TRIPLE (Line Drive, 8RXD, EV 106.2 MPH)
Batting: SHB Steve DeRienzo 0-0: Ball
1-0: Swinging Strike
1-1: Foul Ball, location: 2F
1-2: Foul Ball, location: 2F
1-2: Foul Ball, location: 2F
1-2: Strikes out swinging
Bottom of the 5th over - 0 runs, 1 hit, 0 errors, 1 left on base; Wilmington 2 - Clearwater 0
TOP OF THE 6TH
Wilmington Blue Rocks batting - Pitching for Clearwater Threshers : LHP Tim Lawson
Batting: RHB Jon Shonka 0-0: SINGLE (Groundball, 4MS, EV 71.2 MPH) (infield hit)
Batting: RHB Jonas Fernandez 0-0: Fly out, F7 (Flyball, 78S, EV 93.1 MPH)
Pitching: RHP Danny Dean
Batting: LHB Joe Cozart 0-0: Called Strike
0-1: Ball
Passed Ball!
Jon Shonka to second
1-1: Ball
Jon Shonka steals 3rd base
2-1: Fly out, F9 (Line Drive, 89D, EV 93.1 MPH)
Runner from 3rd tags up, SCORES, no throw by RF
Batting: RHB Bill Cranton 0-0: Ground out 6-3 (Groundball, 6MD, EV 88.1 MPH)
Top of the 6th over - 1 run, 1 hit, 0 errors, 0 left on base; Wilmington 3 - Clearwater 0
BOTTOM OF THE 6TH
Clearwater Threshers batting - Pitching for Wilmington Blue Rocks : LHP Melvin Ontiveros
Batting: LHB Ryan Young 0-0: Ball
1-0: Foul Ball, location: 2F
1-1: SOLO HOME RUN (Flyball, 89XD, EV 101.9 MPH), Distance : 401 ft
Batting: RHB Eddie Serna 0-0: Swinging Strike
0-1: Ball
1-1: Ball
2-1: Swinging Strike
2-2: Ball
3-2: Base on Balls
Batting: LHB Jason Duda 0-0: Swinging Strike
Pickoff Throw by Catcher to First - Error! E2
Eddie Serna to second
0-1: Ground out U3 (Groundball, 34S, EV 82.5 MPH)
Eddie Serna to third
Batting: RHB Trent Hedrick 0-0: Ball
1-0: Ball
2-0: Ground out 5-3 (Groundball, 56, EV 88.1 MPH)
Eddie Serna scores
Batting: RHB Frank Ramirez 0-0: Called Strike
0-1: Ball
1-1: Single, Error in OF, E8, batter to second base (Groundball, 6MD, EV 93.8 MPH)
Batting: LHB Dennis French 0-0: Ball
1-0: Called Strike
1-1: Foul Ball, location: 2F
1-2: Fly out, F8 (Flyball, 89D, EV 87.5 MPH)
Bottom of the 6th over - 2 runs, 2 hits, 2 errors, 1 left on base; Wilmington 3 - Clearwater 2
TOP OF THE 7TH
Wilmington Blue Rocks batting - Pitching for Clearwater Threshers : RHP Danny Dean
Batting: LHB Vicente Hernandez 0-0: Ball
1-0: Swinging Strike
1-1: Called Strike
1-2: Strikes out swinging
Batting: SHB Alex Cavazos 0-0: Called Strike
0-1: Ball
1-1: Ground out U3 (Groundball, 3, EV 104.4 MPH)
Batting: RHB David Rubio 0-0: Ball
1-0: Ball
2-0: TRIPLE (Flyball, 8LXD, EV 94.4 MPH)
Batting: LHB Jayden Pelayo 0-0: Ball
1-0: Swinging Strike
1-1: Swinging Strike
1-2: Ball
2-2: Ball
3-2: Foul Ball, location: 2F
3-2: Strikes out swinging
Top of the 7th over - 0 runs, 1 hit, 0 errors, 1 left on base; Wilmington 3 - Clearwater 2
BOTTOM OF THE 7TH
Clearwater Threshers batting - Pitching for Wilmington Blue Rocks : LHP Melvin Ontiveros
Batting: RHB Rafael Soto 0-0: Called Strike
0-1: Called Strike
0-2: Ball
1-2: Fly out, F7 (Flyball, 7LSF, EV 80.0 MPH)
Pitching: RHP Kolenka Leschenya
Batting: LHB Jonathan Roman 0-0: Called Strike
0-1: Foul Ball, location: 2F
0-2: Ball
1-2: Ball
2-2: Strikes out swinging
Batting: SHB Steve DeRienzo 0-0: Foul Ball, location: 2F
0-1: Ground out 5-3 (Groundball, 5, EV 97.5 MPH)
Bottom of the 7th over - 0 runs, 0 hits, 0 errors, 0 left on base; Wilmington 3 - Clearwater 2
TOP OF THE 8TH
Wilmington Blue Rocks batting - Pitching for Clearwater Threshers : RHP Danny Dean
Batting: RHB Shura Mogilny 0-0: Ball
1-0: Ball
2-0: Foul Ball, location: 2F
2-1: SINGLE (Line Drive, 78S, EV 92.5 MPH)
Batting: RHB Jon Shonka 0-0: Bunt missed!
0-1: Sac Bunt to 2L - play at first, batter OUT! 2-3
Shura Mogilny to second
Batting: RHB Jonas Fernandez 0-0: Called Strike
Passed Ball!
Shura Mogilny to third
0-1: Ball
Passed Ball!
Shura Mogilny scores
1-1: Ball
2-1: Swinging Strike
2-2: Strikes out swinging
Batting: LHB Joe Cozart 0-0: Ball
1-0: Ball
2-0: Foul Ball, location: 2F
2-1: Ground out U3 (Groundball, 3, EV 103.8 MPH)
Top of the 8th over - 1 run, 1 hit, 0 errors, 0 left on base; Wilmington 4 - Clearwater 2
BOTTOM OF THE 8TH
Clearwater Threshers batting - Pitching for Wilmington Blue Rocks : RHP Kolenka Leschenya
Batting: LHB Ryan Young 0-0: Called Strike
0-1: Swinging Strike
0-2: Ball
1-2: Fly out, F8 (Flyball, 8LD, EV 72.5 MPH)
Batting: RHB Eddie Serna 0-0: Called Strike
0-1: Ball
1-1: Ball
2-1: Foul Ball, location: 2F
2-2: Fly out, F9 (Flyball, 89S, EV 73.1 MPH)
Batting: LHB Jason Duda 0-0: Ball
1-0: Foul Ball, location: 2F
1-1: Foul Ball, location: 2F
1-2: Strikes out swinging
Bottom of the 8th over - 0 runs, 0 hits, 0 errors, 0 left on base; Wilmington 4 - Clearwater 2
TOP OF THE 9TH
Wilmington Blue Rocks batting - Pitching for Clearwater Threshers : RHP Danny Dean
Pitching: RHP Lance Brisson
Batting: RHB Bill Cranton 0-0: Called Strike
0-1: Ground out 6-3 (Groundball, 6, EV 103.8 MPH)
Batting: LHB Vicente Hernandez 0-0: Ball
1-0: SINGLE (Line Drive, 5D, EV 101.9 MPH)
Batting: SHB Alex Cavazos 0-0: Called Strike
Vicente Hernandez is caught stealing 2nd base 2-6
0-1: SINGLE (Groundball, 56D, EV 108.1 MPH)
Batting: RHB David Rubio 0-0: Ball
1-0: Foul Ball, location: 2F
1-1: Called Strike
1-2: Ball
2-2: Foul Ball, location: 2F
2-2: Strikes out swinging
Top of the 9th over - 0 runs, 2 hits, 0 errors, 1 left on base; Wilmington 4 - Clearwater 2
BOTTOM OF THE 9TH
Clearwater Threshers batting - Pitching for Wilmington Blue Rocks : RHP Kolenka Leschenya
Pitching: RHP Ryan Crump
Now at 1B: Jon Shonka
Now at 2B: Tim Williams
Now in LF: Alex Cavazos
Now in RF: Shohei Nishi
Batting: RHB Trent Hedrick 0-0: Foul Ball, location: 2F
0-1: Fly out, F8 (Flyball, 8RD, EV 82.5 MPH)
Pinch Hitting: SHB Sam Fredrick 0-0: Fly out, F5 (Popup, 5S, EV 82.5 MPH)
Batting: LHB Dennis French 0-0: Swinging Strike
0-1: Called Strike
0-2: Strikes out swinging
Bottom of the 9th over - 0 runs, 0 hits, 0 errors, 0 left on base; Wilmington 4 - Clearwater 2
Tuesday, March 28th , 2023 - OOTP Baseball 23.10 Build 110